AoeStats
← Coleman

Black Forest

505131126Analyzed
3v3 RM · 23d ago on Sep 8, 2026· 54m 5s· 6 players
Game mode
Random Map
Map size
Normal (6 player)
Population
200
Speed
Normal
Resources
Standard
Victory
Conquest
Starting age
Dark Age
Ending age
Imperial Age
RankedLock teamsTeams togetherTeam positionsShared explorationLock speedFull tech treeHidden civsTurbo modeCheats
Victory
Defeat
🇪🇸 Slavs · Spain
846
+14
🇦🇷 Persians · Argentina
833
+14
🇺🇸 Britons · United States
766
+17
🇨🇱 Turks · Chile
836
-17
🇨🇱 Celts · Chile
835
-16
🇨🇱 Ethiopians · Chile
725
-12
Rodulfus
0:38 Loom
12:48 Feudal Age
13:27 Horse Collar
13:33 Double-Bit Axe
21:32 Castle Age
20:10 Forging
19:53 Arson
19:52 Man-at-Arms
21:57 Scale Mail Armor
23:47 Bow Saw
23:39 Heavy Plow
23:32 Gold Mining
23:33 Stone Mining
23:48 Fletching
31:53 Wheelbarrow
32:03 Gold Shaft Mining
35:49 Imperial Age
34:36 Treadmill Crane
35:17 Ballistics
34:53 Murder Holes
35:12 Fortified Wall
36:10 Iron Casting
35:52 Chain Mail Armor
35:34 Bodkin Arrow
35:40 Padded Archer Armor
36:08 Stronghold
37:17 Conscription
37:10 Furor Celtica
37:28 Hand Cart
38:50 Heavy Scorpion
39:24 Gambesons
40:30 Plate Mail Armor
41:02 Blast Furnace
43:03 Caravan
44:11 Pikeman
45:47 Halberdier
45:56 Halberdier
47:00 Elite Woad Raider
51:45 Capped Ram
52:30 Siege Ram
Appys7677
1:14 Loom
12:59 Feudal Age
17:21 Double-Bit Axe
20:10 Castle Age
18:29 Horse Collar
22:23 Bow Saw
24:19 Wheelbarrow
25:20 Gold Mining
26:06 Fletching
28:28 Man-at-Arms
30:13 Forging
30:03 Long Swordsman
31:50 Bodkin Arrow
32:49 Padded Archer Armor
37:32 Imperial Age
40:21 Leather Archer Armor
42:50 Bloodlines
42:41 Husbandry
44:26 Iron Casting
43:58 Scale Barding Armor
44:41 Conscription
XpeKtre
0:33 Loom
12:06 Feudal Age
17:20 Castle Age
28:51 Wheelbarrow
30:45 Double-Bit Axe
30:43 Horse Collar
33:10 Fortified Wall
36:26 Imperial Age
34:15 Hand Cart
35:41 Bow Saw
35:33 Heavy Plow
35:41 Thumb Ring
34:59 Crossbowman
36:07 Ballistics
38:08 Two-Man Saw
38:17 Chemistry
37:51 Elite Shotel Warrior
38:53 Onager
39:14 Arbalester
40:08 Heavy Cavalry Archer
42:52 Royal Heirs
43:16 Conscription
42:46 Man-at-Arms
43:42 Long Swordsman
44:22 Two-Handed Swordsman
45:07 Gold Mining
45:20 Fletching
HEAD__SHOT
0:56 Loom
13:46 Feudal Age
14:56 Wheelbarrow
14:20 Double-Bit Axe
15:31 Horse Collar
18:29 Gold Mining
25:27 Castle Age
24:22 Stone Mining
26:13 Hand Cart
26:12 Bow Saw
26:06 Heavy Plow
26:45 Stone Shaft Mining
26:51 Gold Shaft Mining
29:09 Thumb Ring
28:26 Crossbowman
29:20 Kamandaran
31:11 Fletching
31:22 Padded Archer Armor
32:41 Bodkin Arrow
33:02 Leather Archer Armor
33:11 Ballistics
34:24 Caravan
39:38 Imperial Age
40:56 Conscription
40:50 Citadels
40:03 Elite War Elephant
Coleman
1:44 Loom
12:51 Feudal Age
14:31 Wheelbarrow
13:42 Double-Bit Axe
13:41 Horse Collar
17:54 Fletching
18:06 Padded Archer Armor
24:10 Castle Age
22:33 Stone Mining
23:48 Gold Mining
25:17 Hand Cart
25:32 Leather Archer Armor
25:13 Bodkin Arrow
27:27 Bow Saw
28:20 Heavy Plow
30:12 Ballistics
31:10 Caravan
32:48 Gold Shaft Mining
37:41 Imperial Age
36:27 Yeomen
37:56 Elite Longbowman
39:41 Warwolf
41:45 Ring Archer Armor
41:15 Bracer
43:17 Chemistry
44:40 Conscription
Ortegasmo 14
1:57 Loom
12:15 Feudal Age
12:44 Horse Collar
12:51 Double-Bit Axe
12:59 Gold Mining
20:07 Castle Age
18:00 Man-at-Arms
19:16 Forging
19:43 Scale Mail Armor
20:49 Squires
20:10 Long Swordsman
23:13 Wheelbarrow
23:19 Iron Casting
23:26 Gold Shaft Mining
22:46 Stone Mining
25:22 Chain Mail Armor
25:17 Heavy Plow
29:57 Imperial Age
27:44 Hand Cart
30:07 Ballistics
32:02 Plate Mail Armor
32:29 Crop Rotation
32:11 Town Watch
32:49 Bow Saw
34:41 Scale Barding Armor
34:26 Fletching
34:36 Padded Archer Armor
35:38 Blast Furnace
34:05 Two-Handed Swordsman
34:07 Pikeman
35:58 Chemistry
34:54 Light Cavalry
35:45 Bloodlines
35:35 Husbandry
35:16 Champion
39:21 Capped Ram
39:45 Onager
41:26 Conscription
41:06 Druzhina
41:08 Detinets
42:21 Siege Onager
43:54 Halberdier
44:36 Bodkin Arrow
44:56 Leather Archer Armor
45:01 Chain Barding Armor
46:26 Capped Ram
48:34 Siege Ram
49:25 Elite Skirmisher
Connection lost

Rejoining the realm…

Still unreachable

The connection could not be restored.

Session expired

The server has moved on; the page needs a fresh start.